 Dungeon Crawl Stone Soup version 0.31-a0-981-geadf994542 (webtiles) character file.

Game seed: 6389941576818798142

18800 BinkBink the Spry (level 12, 0/100 HPs)
             Began as a Merfolk Monk on Nov 1, 2023.
             Was a High Priest of Qazlal.
             Shot with an arrow by a centaur warrior (22 damage)
             ... on level 14 of the Dungeon.
             The game lasted 00:19:31 (10709 turns).

BinkBink the Spry (Merfolk Monk)                   Turns: 10709, Time: 00:19:32

Health: 0/100      AC:  9    Str: 14    XL:     12   Next: 62%
Magic:  12/12      EV: 26    Int:  6    God:    Qazlal [*****.]
Gold:   657        SH:  7    Dex: 21    Spells: 11/11 levels left

rFire   . . .        A - +6 scimitar (freeze)
rCold   + . .        d - orb {light}
rNeg    . . .        b - +0 robe
rPois   +            D - melded +0 helmet
rElec   .            (cloak currently unavailable)
rCorr   .            (gloves currently unavailable)
SInv    .            (boots currently unavailable)
Will    .....        (no amulet)
Stlth   +            E - ring of Shadows {Umbra +Inv Stlth+}
HPRegen 0.36/turn    x - ring "Domevoeva" {rPois rC+ AC+4 Str+2 Int-3}
MPRegen 0.13/turn

%: repel missiles
@: mighty, beast-form, protected from physical damage
A: beast (slay +2), (nimble swimmer 2), mertail
a: Begin Untransformation, Renounce Religion, Evoke Invisibility, Upheaval,
Elemental Force, Disaster Area


You were on level 14 of the Dungeon.
You worshipped Qazlal.
Qazlal was extremely pleased with you.
You were a hulking beast.
You visited 1 branch of the dungeon, and saw 12 of its levels.
You also visited: Bailey.

You collected 809 gold pieces.
You spent 152 gold pieces at shops.

Inventory:

Hand Weapons
 A - a +6 scimitar of freezing (weapon)
Missiles
 q - 7 throwing nets (quivered)
Armour
 a - a +0 troll leather armour
 b - a +0 robe (worn)
 d - an orb of light (worn)
 D - a +0 helmet (melded)
 H - a +2 ring mail of fire resistance
 I - a +0 crystal plate armour
 O - a +2 cloak
Jewellery
 k - a +6 ring of intelligence
 v - a ring of fire
 x - the ring "Domevoeva" (right hand) {rPois rC+ AC+4 Str+2 Int-3}
   (You found it on level 5 of the Dungeon)

   [ring of protection]

   AC+4:      It affects your AC (+4).
   Str+2:     It affects your strength (+2).
   Int-3:     It affects your intelligence (-3).
   rC+:       It protects you from cold.
   rPois:     It protects you from poison
 E - the ring of Shadows (left hand) {Umbra +Inv Stlth+}
   (You found it in a bailey)

   [ring of stealth]

   Umbra:     It surrounds you with an aura of shadow, increasing your stealth
   and reducing the accuracy of all others within it.
   +Inv:      It lets you turn invisible.
   Stlth+:    It makes you more stealthy.
 F - a ring of positive energy
 L - a ring of willpower
Talismans
 l - a blade talisman
 u - a beast talisman (active)
 K - a maw talisman
Wands
 g - a wand of mindburst (21)
 w - a wand of flame (14)
 z - a wand of digging (6)
 M - a wand of paralysis (3)
 N - a wand of polymorph (7)
Scrolls
 e - 2 scrolls of fear
 h - 3 scrolls of teleportation
 o - a scroll of immolation
 p - a scroll of brand weapon
 s - 2 scrolls of revelation
 y - a scroll of enchant armour
 C - 2 scrolls of fog
Potions
 c - a potion of invisibility
 f - 2 potions of mutation
 i - a potion of might
 j - a potion of lignification {unknown}
 m - 6 potions of haste
 n - 6 potions of curing
 t - a potion of heal wounds {unknown}
 B - a potion of brilliance {unknown}
 G - a potion of berserk rage {unknown}
 J - a potion of enlightenment {unknown}


   Skills:
 + Level 11.5 Fighting
 + Level 12.5 Long Blades
 * Level 18.3 Dodging
 + Level 5.0 Shapeshifting


You had 11 spell levels left.
You didn't know any spells.
Your spell library contained the following spells:

 Spells                   Type           Power      Damage    Failure   Level
 Apportation              Tloc           0%         N/A       45%         1
 Necrotise                Necr           0%         1d4       45%         1
 Shock                    Conj/Air       0%         1d3       45%         1
 Summon Small Mammal      Summ           0%         N/A       45%         1
 Lesser Beckoning         Tloc           0%         N/A       58%         2
 Static Discharge         Conj/Air       0%         3-3/arc   58%         2
 Dazzling Flash           Conj/Hex       0%         N/A       83%         3
 Gell's Gravitas          Tloc           0%         N/A       83%         3
 Inner Flame              Hex/Fire       0%         N/A       83%         3
 Swiftness                Air            0%         N/A       83%         3
 Teleport Other           Tloc           0%         N/A       83%         3
 Tukima's Dance           Hex            0%         N/A       83%         3
 Volatile Blastmotes      Fire/Tloc      0%         2d10      83%         3
 Airstrike                Air            0%         2d(0-16)  99%         4
 Dimensional Bullseye     Hex/Tloc       0%         N/A       99%         4
 Flame Wave               Conj/Fire      0%         2d4       99%         4
 Iskenderun's Mystic Bla  Conj/Tloc      0%         2d3       99%         4
 Sticky Flame             Conj/Fire      0%         2d3       99%         4
 Summon Lightning Spire   Summ/Air       0%         N/A       99%         4
 Starburst                Conj/Fire      0%         6d3       100%        6
 Maxwell's Capacitive Co  Air            0%         ∞         100%        8


Dungeon Overview and Level Annotations

Branches:
Dungeon (11/15)            Temple (0/1) D:4            Lair (0/5) D:8
    Orc (0/2) D:9          Bailey (visited)

Altars:
Cheibriados
Elyvilon
Fedhas
Qazlal
Sif Muna
Trog
Uskayaw
Wu Jian
The Shining One

Shops:
D:9 ?


Innate Abilities, Weirdness & Mutations

You are a hulking beast.
Your limbs bulge with bestial killing power. (Slay +2)
((You are very nimble when in or above water. (Stealth+, EV+, Speed+++)))
Your lower body shifts to a powerful aquatic tail in water.


Message History

The troll barely misses you. The troll closely misses you.
The troll claws you but does no damage.
You hit the troll. You freeze the troll.
The troll is moderately wounded.
The troll bites you but does no damage. The troll claws you.
* * * LOW HITPOINT WARNING * * *
You block the troll's attack.
You barely miss the troll.
The troll is moderately wounded.
You block the troll's attack. The troll completely misses you.
The troll misses you.
You hit the troll. You freeze the troll.
The troll is moderately wounded.
You block the troll's attack. The troll closely misses you.
The troll misses you.
You hit the troll. You freeze the troll.
The troll is heavily wounded.
The troll bites you!
* * * LOW HITPOINT WARNING * * *
You feel more protected from physical attacks.
The troll claws you.
* * * LOW HITPOINT WARNING * * *
The troll completely misses you.
You slice the troll!! You freeze the troll!
You kill the troll!
Qazlal accepts your kill.
The troll leather armour is intact enough to wear.
Things that are here:
a +0 troll leather armour; a troll corpse
a - a +0 troll leather armour You start resting.
You hear a shout! x2
A centaur warrior comes into view.
It was a potion of might.
You feel very mighty all of a sudden.
The centaur warrior wields a +0 shortbow.
The centaur warrior shoots an arrow.
The arrow completely misses you.
The centaur warrior shoots an arrow.
The arrow barely misses you.
The centaur warrior shoots an arrow.
The arrow hits you!!
You die...

#.############
#....c.......#
.##......○.☼#
#....☼.h§.#
#.....☼...#
+........§#
#.:.......#
#.........#
####+######


You could see a centaur warrior.

Vanquished Creatures
  Snorg (D:10)
  3 two-headed ogres
  2 centaur warriors (D:14)
  Pikel (D:6)
  A cyclops (D:14)
  Maurice (D:10)
  Joseph (D:10)
  An unseen horror (D:11)
  Maggie (D:10)
  A rime drake (D:8)
  4 kobold demonologists (D:10)
  3 meliai
  A troll (D:14)
  A shadow (D:9)
  A wyvern (D:10)
  21 yaks
  2 wraiths (D:10)
  Grum (Bailey)
  A steam dragon (D:7)
  4 vampire mosquitoes (D:7)
  3 acid dragons
  A water moccasin (D:7)
  A swamp drake (D:9)
  9 ice beasts
  3 black bears
  3 orc warriors
  A sky beast (D:7)
  An ogre (D:9)
  9 wolves
  4 centaurs
  2 lemures (D:6)
  A phantom (D:5)
  4 kobold brigands
  Blork the orc (D:5)
  3 bullfrogs
  9 gnoll sergeants
  6 scorpions
  4 wights (D:6)
  9 killer bees
  4 electric eels
  3 howler monkeys
  5 gnoll boudas (Bailey)
  3 orc priests
  6 hounds
  A jelly (D:5)
  A sleepcap (D:6)
  3 iguanas (D:5)
  8 orc wizards
  Natasha (twice) (D:3)
  4 adders
  22 gnolls
  A white imp (D:5)
  4 ufetubi
  2 worms
  6 dart slugs
  42 orcs
  8 ball pythons
  4 bats
  9 endoplasms
  2 giant cockroaches
  7 hobgoblins
  4 jackals (D:3)
  8 quokkas
  A frilled lizard (D:1)
  7 goblins
  12 kobolds
  11 rats
316 creatures vanquished.

Vanquished Creatures (others)
  An arcanist (D:7)
  2 kobolds
3 creatures vanquished.

Grand Total: 319 creatures vanquished

Notes
Turn   | Place    | Note
-------+----------+-------------------------------------------
     0 | D:1      | BinkBink the Merfolk Monk began the quest for the Orb.
     0 | D:1      | Reached XP level 1. HP: 18/18 MP: 1/1
    30 | D:1      | Reached XP level 2. HP: 23/24 MP: 2/2
   240 | D:1      | Reached XP level 3. HP: 13/29 MP: 3/3
   451 | D:1      | Reached skill level 5 in Dodging
   982 | D:2      | Reached XP level 4. HP: 21/37 MP: 4/4
  1435 | D:3      | Noticed Natasha
  1443 | D:3      | Killed Natasha
  1444 | D:3      | Reached skill level 6 in Dodging
  1444 | D:3      | Reached XP level 5. HP: 35/42 MP: 5/5
  1867 | D:3      | Noticed Natasha
  1879 | D:3      | Killed Natasha
  2114 | D:4      | Reached XP level 6. HP: 49/49 MP: 6/6
  2162 | D:4      | Found a hide-covered altar of Uskayaw.
  2162 | D:4      | Found a white marble altar of Elyvilon.
  2167 | D:4      | Found a stormy altar of Qazlal.
  2177 | D:4      | Found a blossoming altar of Fedhas.
  2185 | D:4      | Became a worshipper of Qazlal Stormbringer
  2185 | D:4      | Reached * piety under Qazlal
  2185 | D:4      | Reached ** piety under Qazlal
  2259 | D:4      | Reached skill level 5 in Long Blades
  2346 | D:4      | Found a staircase to the Ecumenical Temple.
  2421 | D:4      | Reached skill level 7 in Dodging
  2737 | D:4      | Noticed a black bear
  2756 | D:4      | Killed a black bear
  2757 | D:4      | Reached skill level 5 in Fighting
  2883 | D:5      | Entered Level 5 of the Dungeon
  2944 | D:5      | Found an ornate altar of the Wu Jian Council.
  2995 | D:5      | Reached XP level 7. HP: 56/56 MP: 7/7
  3078 | D:5      | Reached skill level 8 in Dodging
  3347 | D:5      | Identified the ring "Domevoeva" {rPois rC+ AC+4 Str+2
                  | Int-3}
  3632 | D:5      | Reached skill level 9 in Dodging
  3647 | D:5      | Reached XP level 8. HP: 46/64 MP: 8/8
  3833 | D:5      | Noticed Blork the orc
  3842 | D:5      | Killed Blork the orc
  4216 | D:6      | Reached skill level 10 in Dodging
  4264 | D:6      | Reached *** piety under Qazlal
  4309 | D:6      | Noticed Pikel
  4321 | D:6      | Killed Pikel
  4322 | D:6      | Reached skill level 11 in Dodging
  4322 | D:6      | Reached XP level 9. HP: 53/72 MP: 9/9
  4511 | D:6      | Found a glowing golden altar of the Shining One.
  4815 | D:7      | Noticed a two-headed ogre
  4825 | D:7      | Killed a two-headed ogre
  4826 | D:7      | Reached skill level 12 in Dodging
  4882 | D:7      | Found a shimmering blue altar of Sif Muna.
  4908 | D:7      | Reached skill level 13 in Dodging
  4911 | D:7      | Reached XP level 10. HP: 72/80 MP: 10/10
  4990 | D:7      | Found a bloodstained altar of Trog.
  4993 | D:7      | Noticed an arcanist
  4998 | D:7      | Killed an arcanist
  5731 | D:8      | Reached skill level 14 in Dodging
  5740 | D:8      | Reached **** piety under Qazlal
  5762 | D:8      | Reached skill level 10 in Long Blades
  5877 | D:8      | Found a staircase to the Lair.
  5930 | D:8      | Reached skill level 15 in Dodging
  6348 | D:9      | Reached XP level 11. HP: 71/89 MP: 11/11
  6417 | D:9      | Found a flagged portal.
  6435 | Bailey   | Entered a bailey
  6795 | Bailey   | Noticed Grum
  6801 | Bailey   | Reached ***** piety under Qazlal
  6806 | Bailey   | Killed Grum
  6810 | Bailey   | Reached skill level 10 in Fighting
  6814 | Bailey   | Found the ring of Shadows {Umbra +Inv Stlth+}
  7032 | Bailey   | Reached skill level 16 in Dodging
  7367 | D:9      | Found Lupa's Magic Scroll Shoppe.
  7376 | D:9      | Bought a scroll of enchant weapon for 120 gold pieces
  7376 | D:9      | Bought a scroll of identify for 32 gold pieces
  7416 | D:9      | Identified the +2 hand axe of Irchupnil {venom, Int+6
                  | Dex+3}
  7516 | D:9      | Noticed a two-headed ogre
  7536 | D:9      | Killed a two-headed ogre
  7864 | D:9      | Found a staircase to the Orcish Mines.
  8410 | D:10     | Entered Level 10 of the Dungeon
  8597 | D:10     | Noticed Maurice
  8733 | D:10     | Reached skill level 1 in Shapeshifting
  8799 | D:10     | Reached skill level 17 in Dodging
  8820 | D:10     | Noticed a sun demon
  9026 | D:10     | Noticed Joseph
  9032 | D:10     | Noticed Snorg
  9035 | D:10     | Noticed Maggie
  9038 | D:10     | Killed Joseph
  9044 | D:10     | Killed Snorg
  9045 | D:10     | Reached XP level 12. HP: 81/99 MP: 12/12
  9052 | D:10     | Killed Maggie
  9282 | D:10     | Found a snail-covered altar of Cheibriados.
  9428 | D:10     | Killed Maurice
 10546 | D:11     | Noticed a two-headed ogre
 10553 | D:11     | Killed a two-headed ogre
 10554 | D:11     | Reached skill level 18 in Dodging
 10647 | D:11     | You fall into a shaft and drop 3 floors!
 10651 | D:14     | Noticed a centaur warrior
 10663 | D:14     | Noticed a centaur warrior
 10671 | D:14     | Killed a centaur warrior
 10674 | D:14     | Noticed a seven-headed hydra
 10675 | D:14     | Killed a centaur warrior
 10676 | D:14     | Reached skill level 5 in Shapeshifting
 10681 | D:14     | HP: 4/100 [centaur/arrow[a centaur warrior] (5)]
 10706 | D:14     | Noticed a centaur warrior
 10709 | D:14     | Shot with an arrow by a centaur warrior

Illustrated notes

Levels and vault maps discovered:
D:1:      dpeg_arrival_orchard, layout_rooms, minmay_nonomino_d4
D:2:      layout_rooms, nicolae_concentric_dashed_squares_mild, corexii_shack
D:3:      layout_loops_ring, uniq_natasha
D:4:      layout_cave_pools, nicolae_overflow_macrodata_refinement,
          temple_doors_e, nicolae_tricolors
D:5:      kb_forest_paths, layout_cave_pools, nzn_wu_jian_contemplation,
          uniq_blork_the_orc
D:6:      layout_basic, tso_oasis_becter, nicolae_figureground_sparkle,
          uniq_pikel
D:7:      layout_rooms, trog_wizard, mainiacjoe_overflow_alcove_2,
          hex_intersection
D:8:      layout_loops_ring, hellmonk_lair_entry_icy, serial_glass,
          glass_columns_b, glass_columns_a, due_unseen_surprise,
          item_on_display_a, item_on_display_a
D:9:      layout_stronghold, erik_orc_1, serial_shops, nicolae_shop_trees,
          enter_bailey_4, minmay_door_square, serial_bayou_ford_a
D:10:     layout_basic, nicolae_overflow_hidden_temple, uniq_joseph, uniq_snorg,
          uniq_maggie, uniq_maurice
D:11:     layout_big_octagon
D:14:     layout_roguey, ximxim_vaults_locker_room,
          nicolae_sif_muna_condensation, uniq_jorgrun

Skill      XL: |  1  2  3  4  5  6  7  8  9 10 11 12 |
---------------+-------------------------------------+-----
Long Blades    | 4 5 6 7 9 10 11 12 | 12.5
Dodging        | 5 6 7 9 11 13 15 17 18 | 18.3
Fighting       | 4 5 7 8 9 10 11 | 11.5
Shapeshifting  | 2 5 |  5.0

Action                     |  1- 3 |  4- 6 |  7- 9 | 10-12 || total
---------------------------+-------+-------+-------+-------++-------
  Melee: Falchion          |   118 |   179 |   165 |       ||   462
         Scimitar          |       |       |    67 |   472 ||   539
         Tailslap          |       |       |       |     1 ||     1
  Throw: Throwing net      |       |     1 |       |       ||     1
    Use: Potion            |       |     1 |       |     2 ||     3
         Scroll            |       |     4 |     1 |    12 ||    17
 Armour: Robe              |    49 |    68 |    74 |   190 ||   381
  Dodge: Dodged            |    80 |   146 |   170 |   459 ||   855
         Repelled          |       |       |       |     5 ||     5
  Block: Orb               |       |     4 |    20 |   144 ||   168
   Form: Beast             |       |       |       |     1 ||     1

Table legend: (Time is in decaauts)
 A = Elapsed time spent in this place.
 B = Non-inter-level travel time spent in this place.
 C = Inter-level travel time spent in this place.
 D = Time resting spent in this place.
 E = Time spent auto-exploring this place.
 F = Levels seen in this place.
 G = Mean time per level.
                   A        B        C        D        E       F      G
               +--------+--------+--------+--------+--------+-----+--------+
         Total |  10617 |  10234 |    383 |   2073 |   5941 |  13 |  816.7 |
       Dungeon |   9926 |   9543 |    383 |   1768 |   5878 |  12 |  827.2 |
        Bailey |    691 |    691 |      0 |    305 |     62 |   1 |  691.0 |
               +--------+--------+--------+--------+--------+-----+--------+

Top non-repeatable levels by time:
    D:10: 2056 daAuts
     D:9: 1330 daAuts
     D:5: 1306 daAuts
     D:8: 914 daAuts
     D:3: 901 daAuts
     D:4: 784 daAuts
  Bailey: 691 daAuts
     D:1: 630 daAuts
     D:6: 611 daAuts
     D:2: 588 daAuts
     D:7: 585 daAuts
    D:11: 159 daAuts
    D:14: 56 daAuts
